Map: Orbital Shipyard

Players

IdleSentinel - Winner!

  • Race: Protoss Protoss
  • League: Gold

Grumm

  • Race: Protoss Protoss
  • League: Gold

VOD

Have the link to the VOD?

Description

Time

  • Played on: Feb. 1, 2016, 8:50 p.m.
  • Length: 12:24
Show
View Real Time Build Order
Export as new Build Order

IdleSentinel Protoss - Winner!

Build Orders: Oracle Opening 

Get SALT Encoding   

  12  0:01  Probe (Chrono Boost)  
  13  0:11  Probe (Chrono Boost)  
  14  0:22  Probe (Chrono Boost)  
  14  0:25  Pylon  
  15  0:43  Gateway, Probe (Chrono Boost)  
  15  0:47  Assimilator  
  16  1:01  Probe (Chrono Boost)  
  18  1:11  Probe (Chrono Boost)  
  18  1:22  Gateway, Probe (Chrono Boost)  
  19  1:32  Probe (Chrono Boost)  
  20  1:41  Cybernetics Core  
  20  1:43  Probe (Chrono Boost)  
  20  1:45  Assimilator  
  21  1:47  Pylon  
  21  1:53  Probe (Chrono Boost)  
  22  2:04  Probe (Chrono Boost)  
  23  2:14  Probe (Chrono Boost)  
  24  2:19  Adept x2 (Chrono Boost)  
  28  2:23  Pylon  
  28  2:48  Stargate  
  28  2:56  Mothership Core (Chrono Boost)  
  30  2:58  Warp Gate (Chrono Boost)  
  30  3:00  Nexus  
  30  3:35  Oracle (Chrono Boost)  
  33  4:04  Twilight Council  
  33  4:06  Gateway  
  33  4:08  Gateway  
  29  4:32  Probe  
  30  4:42  Probe  
  31  4:51  Assimilator  
  28  4:53  Probe  
  28  4:57  Assimilator  
  28  4:59  Dark Shrine  
  29  5:01  Pylon  
  29  5:03  Probe  
  30  5:12  Phoenix (Chrono Boost)  
  32  5:14  Probe  
  33  5:22  Zealot x4  
  33  5:24  Pylon, Probe  
  42  5:35  Phoenix (Chrono Boost), Probe  
  45  5:45  Probe  
  44  5:56  Phoenix (Chrono Boost), Probe  
  43  6:07  Probe  
  43  6:10  Stalker x3  
  50  6:23  Probe (Chrono Boost)  
  47  6:34  Probe (Chrono Boost)  
  47  6:35  Zealot x4  
  47  6:38  Charge (Chrono Boost)  
  56  6:45  Probe (Chrono Boost)  
  57  6:48  Probe (Chrono Boost)  
  58  6:57  Probe (Chrono Boost)  
  58  7:00  Probe (Chrono Boost)  
  60  7:03  Phoenix  
  60  7:08  Probe (Chrono Boost)  
  63  7:10  Probe (Chrono Boost)  
  64  7:18  Probe (Chrono Boost)  
  64  7:21  Probe (Chrono Boost)  
  66  7:29  Probe (Chrono Boost)  
  67  7:30  Probe  
  68  7:40  Probe  
  67  7:51  Probe  
  58  8:01  Probe  
  45  8:25  Zealot x4  
  51  8:32  Forge  
  51  8:38  Pylon  
  51  8:42  Nexus  
  51  8:44  Pylon, Gateway  
  51  8:46  Pylon, Gateway  
  51  8:48  Phoenix (Chrono Boost), Pylon, Gateway x2  
  53  8:50  Gateway  
  53  8:56  Zealot x2  
  57  9:04  Zealot x2  
  61  9:19  Zealot x2  
  65  9:28  Phoenix (Chrono Boost)  
  67  9:36  Protoss Ground Weapons Level 1 (Chrono Boost)  
  67  9:40  Zealot x2  
  71  9:49  Zealot x2  
  71  9:52  Phoenix (Chrono Boost)  
  77  9:55  Probe  
  78  10:04  Pylon  
  78  10:05  Probe  
  78  10:06  Pylon  
  79  10:16  Probe  
  80  10:28  Stalker  
  82  10:29  Stalker x3  
  74  11:03  Probe  
  74  11:07  Zealot x6  
  87  11:13  Probe  
  88  11:20  Phoenix  
  88  11:21  Probe  
  88  11:24  Probe  
  91  11:32  Probe  
  92  11:34  Probe  
  94  11:45  Probe  
  67  12:24  Zealot x5  
Show
View Real Time Build Order
Export as new Build Order

Grumm Protoss 

Build Orders: 1 Gate Expand 

Get SALT Encoding   

  12  0:01  Probe (Chrono Boost)  
  13  0:11  Probe (Chrono Boost)  
  14  0:24  Pylon, Probe (Chrono Boost)  
  15  0:42  Probe (Chrono Boost)  
  16  0:43  Gateway  
  16  0:49  Assimilator  
  16  0:53  Probe (Chrono Boost)  
  16  0:54  Assimilator  
  17  1:03  Probe (Chrono Boost)  
  18  1:26  Nexus  
  18  1:30  Probe (Chrono Boost)  
  19  1:37  Cybernetics Core  
  19  1:43  Probe (Chrono Boost)  
  20  1:54  Probe (Chrono Boost)  
  21  2:03  Pylon  
  21  2:05  Probe (Chrono Boost)  
  22  2:16  Forge  
  22  2:28  Robotics Facility  
  22  2:30  Warp Gate  
  22  2:39  Probe (Chrono Boost)  
  23  2:57  Probe (Chrono Boost)  
  24  2:59  Photon Cannon  
  24  3:01  Pylon  
  24  3:08  Probe (Chrono Boost)  
  25  3:19  Probe (Chrono Boost)  
  25  3:21  Immortal  
  28  3:37  Photon Cannon  
  28  3:39  Stalker (Chrono Boost)  
  21  4:18  Warp Prism  
  23  4:29  Pylon  
  23  4:38  Probe  
  24  4:39  Probe  
  23  4:49  Probe  
  23  4:50  Probe  
  23  5:06  Stalker  
  25  5:12  Probe x2  
  27  5:23  Probe  
  27  5:24  Probe  
  29  5:33  Probe  
  30  5:37  Probe  
  31  5:44  Probe  
  32  6:05  Stalker  
  32  6:08  Probe  
  32  6:09  Probe  
  36  6:18  Probe  
  36  6:21  Probe  
  34  6:29  Probe  
  34  6:31  Immortal  
  31  6:32  Pylon  
  31  6:33  Probe  
  31  6:34  Gateway  
  31  6:35  Gateway  
  36  6:40  Protoss Ground Weapons Level 1 (Chrono Boost)  
  36  6:41  Probe  
  36  6:45  Probe  
  38  6:53  Probe  
  39  6:57  Probe  
  39  6:58  Gateway  
  39  7:01  Gateway  
  40  7:03  Zealot  
  42  7:09  Photon Cannon  
  42  7:14  Assimilator  
  41  7:24  Photon Cannon  
  41  7:25  Stalker  
  41  7:27  Probe  
  41  7:29  Probe  
  45  7:35  Pylon  
  45  7:39  Probe  
  45  7:41  Probe  
  47  7:45  Zealot x2  
  51  7:55  Stalker  
  51  7:56  Stalker  
  49  8:12  Immortal  
  43  8:18  Stalker x2  
  43  8:19  Stalker x2  
  53  8:25  Probe x2  
  51  8:28  Assimilator  
  51  8:32  Zealot x3  
  57  8:37  Probe x2  
  59  8:45  Pylon  
  59  8:47  Photon Cannon  
  59  8:49  Warp Prism, Probe x2  
  63  9:01  Zealot x2  
  65  9:34  Adept x3  
  65  9:35  Adept x2  
  73  10:24  Zealot x2  
  50  10:55  Probe x2, Immortal  
  46  10:57  Stalker x5  
  57  11:14  Mothership Core, Pylon  
  57  11:16  Pylon  
  58  11:21  Stalker x5  
  68  11:35  Photon Cannon  
  68  11:41  Photon Cannon  
  49  12:02  Stalker x4  
  49  12:03  Stalker  
Tags
 
Add a new tag
Caveats
  • Supply blocks, unpowered buildings, or Contaminate may cause inaccurate times.
  • Supply counts are checked every 10 seconds.